[Event "Team 45 45 League T35"]
[Site "Internet Chess Club"]
[Date "2007.11.02"]
[Round "2"]
[White "WilmaP"]
[Black "cobbler"]
[Result "1-0"]
[WhiteElo "1146"]
[BlackElo "1215"]
[Opening "French: advance, Paulsen attack"]
[ECO "C02"]
[Time "15:05:36"]
[TimeControl "2700+45"]

1. e4 e6 2. d4 d5 3. e5 c5 4. c3 Nc6 5. Nf3 Qb6 6. a3 h5 7. Nbd2 Nh6 8. h3 Nf5
9. Nb3 Be7 10. a4 Na5 11. Bb5+ Bd7 12. Bxd7+ Kxd7 13. Nxc5+ Bxc5 14. dxc5 Qxc5
15. O-O Qb6 16. b4 Nc4 17. Ng5 Nxe5 18. a5 Qc6 19. Qe1 Nd3 20. Qd2 Nxc1 21.
Raxc1 Ke7 22. Nf3 b6 23. Ne5 Qc7 24. Rfe1 f6 25. Ng6+ Kf7 26. Nxh8+ Rxh8 27. Qe2
e5 28. c4 Qb7 29. Qf3 Nh4 30. Qxd5+ Qxd5 31. cxd5 Nf5 32. Rc7+ Kg6 33. Rxa7 Rd8
34. Rd1 Nd4 35. axb6 Rb8 36. b7 Nb5 37. Ra8 Rxb7 38. d6 Rd7 39. Ra6 Nd4 40. Rb1
Nb5 41. Rb6 Nxd6 42. Rd1 Nc4 43. Rxd7 Nxb6 44. Rb7 Nd5 45. b5 Kf5 46. Rxg7 Ke6
47. Rh7 Kd6 48. Rxh5 Kc5 49. Rh8 Kxb5 50. Rb8+ Kc5 51. Ra8 f5 52. Kf1 e4 53. h4
Kd6 54. h5 Ke7 55. h6 Nf6 56. Ra7+ Kf8 57. h7 Nxh7 58. Rxh7 Kg8 59. Ra7 f4 60.
Ke2 {Black resigns} 1-0

[Event "Team 45 45 League T35"]
[Site "Internet Chess Club"]
[Date "2007.10.26"]
[Round "2"]
[White "fuzzface"]
[Black "Mutaant"]
[Result "1-0"]
[WhiteElo "1338"]
[BlackElo "1424"]
[Opening "Queen's pawn game"]
[ECO "D00"]
[Time "14:43:03"]
[TimeControl "2700+45"]

1. d4 d5 2. g3 Bf5 3. c3 e6 4. Bg2 Bd6 5. Nf3 h6 6. Be3 Nf6 7. Nbd2 Ng4 8. Nf1
Nxe3 9. Nxe3 Be4 10. Ne5 Bxg2 11. Nxg2 Bxe5 12. dxe5 Nc6 13. f4 g5 14. e3 Qe7
15. Qb3 O-O-O 16. Qa4 Qc5 17. Rd1 b5 18. Qa3 Qxa3 19. bxa3 Kb7 20. Rb1 Kb6 21.
a4 a6 22. axb5 axb5 23. a4 Na7 24. Rb2 Kc5 25. a5 Ra8 26. Kd2 Nc6 27. a6 Rxa6
28. Ne1 Rha8 29. Nd3+ Kb6 30. Rxb5+ Kxb5 31. Rb1+ Nb4 32. Rxb4+ Kc6 33. Rb2 Kd7
34. Nc5+ Kc6 35. Nxa6 Rxa6 36. Kd3 Ra1 37. Rf2 g4 38. f5 Kd7 39. fxe6+ fxe6 40.
Rf7+ Kc6 41. Rh7 Ra2 42. Rxh6 Kd7 43. Rh7+ Kc6 44. Re7 Rxh2 45. Rxe6+ Kc5 46.
Rg6 Rh5 47. Rxg4 Rxe5 48. e4 dxe4+ 49. Rxe4 Rg5 50. g4 Kd6 51. Rd4+ Ke5 52. c4
Ke6 53. Re4+ Kd6 54. Rd4+ Ke5 55. Rd5+ Kf4 56. Rxg5 Kxg5 57. Kd4 Kxg4 58. Kd5
Kf5 59. c5 Kf6 60. Kc6 Ke7 61. Kxc7 {Black resigns} 1-0

[Event "Team 45 45 League T35"]
[Site "Internet Chess Club"]
[Date "2007.10.28"]
[Round "2"]
[White "thalamus"]
[Black "klt713"]
[Result "1-0"]
[WhiteElo "1425"]
[BlackElo "1269"]
[Opening "Sicilian: Andreaschek gambit"]
[ECO "B21"]
[Time "10:14:42"]
[TimeControl "2700+45"]

1. e4 c5 2. d4 cxd4 3. c3 e5 4. Nf3 d6 5. Bc4 h6 6. cxd4 Nf6 7. Nc3 a6 8. dxe5
dxe5 9. Qxd8+ Kxd8 10. Bxf7 Nc6 11. Be3 Ng8 12. O-O-O+ Ke7 13. Bb3 Nf6 14. Rd2
g5 15. Rhd1 Ke8 16. Nxe5 Nxe5 17. Rd8+ Ke7 18. Bc5# {Black checkmated} 1-0

[Event "Team 45 45 League T35"]
[Site "Internet Chess Club"]
[Date "2007.10.29"]
[Round "2"]
[White "ffplayer"]
[Black "moreffee"]
[Result "0-1"]
[WhiteElo "1119"]
[BlackElo "1346"]
[Opening "Benoni defense"]
[ECO "A56"]
[Time "13:59:58"]
[TimeControl "2700+45"]

1. d4 Nf6 2. c4 c5 3. e3 cxd4 4. exd4 d6 5. Nf3 Bg4 6. Be2 g6 7. Nc3 Bg7 8. Bg5
O-O 9. O-O Nc6 10. Qd2 Rc8 11. d5 Na5 12. b3 b5 13. Nxb5 Ne4 14. Qc1 Bxa1 15.
Qxa1 Bxf3 16. Bxf3 Nxg5 17. Qd1 a6 18. Nd4 e5 19. dxe6 Nxf3+ 20. Qxf3 Qe7 21.
Qd5 Rc5 22. exf7+ Rxf7 23. Qa8+ Rf8 24. Qxa6 Rh5 25. Nb5 Nb7 26. Qa3 Qe5 27. Qc1
Qxh2# {White checkmated} 0-1

[Event "Team 45 45 League T35"]
[Site "Internet Chess Club"]
[Date "2007.10.26"]
[Round "2"]
[White "NineteenHockey"]
[Black "DayDream01"]
[Result "1-0"]
[WhiteElo "1021"]
[BlackElo "1080"]
[Opening "Philidor's defense"]
[ECO "C41"]
[Time "08:58:15"]
[TimeControl "2700+45"]

1. e4 e5 2. Nf3 d6 3. Nc3 Nf6 4. d3 Bg4 5. Be2 Nc6 6. O-O g6 7. Bg5 Bg7 8. Nd5
O-O 9. d4 Bxf3 10. Bxf3 Nxd4 11. Bg4 c5 12. c3 h6 13. Nxf6+ Bxf6 14. Bxf6 Qxf6
15. cxd4 cxd4 16. Re1 Kg7 17. Rc1 Qd8 18. g3 Qa5 19. a4 d3 20. Qxd3 Qxa4 21.
Qxd6 f6 22. Qc7+ Rf7 23. Qc3 Rd8 24. Rcd1 Re8 25. Qd2 h5 26. Bd7 Rd8 27. Bxa4
Rxd2 28. Rxd2 Kh6 29. Rd7 Rf8 30. Red1 Rc8 31. Rxb7 Rc4 32. Rxa7 Rxe4 33. Bd7 f5
34. Rb1 h4 35. gxh4 Rxh4 36. b4 Rg4+ 37. Kh1 Rf4 38. Rb2 e4 39. b5 Kg5 40. b6 e3
41. fxe3 Rf3 42. Ra3 Kh4 43. Bb5 Kh3 44. b7 f4 45. b8=Q fxe3 46. Qb7 {Black
resigns} 1-0

[Event "Team 45 45 League T35"]
[Site "Internet Chess Club"]
[Date "2007.10.30"]
[Round "2"]
[White "Duguesclin"]
[Black "jazzyrick"]
[Result "1-0"]
[WhiteElo "1651"]
[BlackElo "1589"]
[Opening "Neo-Indian (Seirawan) attack"]
[ECO "E30"]
[Time "14:54:45"]
[TimeControl "2700+45"]

1. d4 Nf6 2. c4 e6 3. Bg5 h6 4. Bh4 Bb4+ 5. Nc3 g5 6. Bg3 Ne4 7. Qc2 d5 8. e3
Bxc3+ 9. bxc3 c6 10. Bd3 f5 11. Be5 Rh7 12. h3 Nd7 13. Bh2 Qa5 14. Ne2 h5 15.
O-O g4 16. Nf4 Rh6 17. cxd5 cxd5 18. c4 Nb6 19. cxd5 exd5 20. Qc7 Nc4 21. Qxa5
Nxa5 22. Nxd5 Nd6 23. Nc7+ {Black resigns} 1-0

[Event "Team 45 45 League T35"]
[Site "Internet Chess Club"]
[Date "2007.11.02"]
[Round "2"]
[White "Ziah"]
[Black "RD1974"]
[Result "0-1"]
[WhiteElo "1608"]
[BlackElo "1614"]
[Opening "Scandinavian: Pytel-Wade variation"]
[ECO "B01"]
[Time "18:34:39"]
[TimeControl "2700+45"]

1. e4 d5 2. exd5 Qxd5 3. Nc3 Qd6 4. d4 Nf6 5. Nf3 a6 6. h3 e6 7. Be2 Be7 8. O-O
Nc6 9. Re1 O-O 10. b3 Rd8 11. Be3 b5 12. a3 Bb7 13. Bd3 e5 14. dxe5 Nxe5 15.
Nxe5 Qxe5 16. Bd2 Qd6 17. Qe2 Re8 18. Qd1 Rad8 19. Be3 c5 20. f3 Qc7 21. Qe2 Bd6
22. Qf1 Be5 23. Nxb5 axb5 24. Bxb5 Re7 25. Bc4 Bxa1 26. Rxa1 Rxe3 27. Qf2 Rde8
28. Kf1 Qe5 29. Rd1 g6 30. Qd2 Bxf3 31. gxf3 Rxf3+ 32. Kg1 Qg3+ 33. Kh1 Rf2 34.
Bxf7+ Kg7 35. Qxf2 Qxf2 36. Bxe8 Qf3+ 37. Kh2 Qxd1 38. Bxg6 hxg6 39. h4 Qe2+ 40.
Kh3 Qg4+ 41. Kh2 Ne4 42. h5 gxh5 43. b4 cxb4 44. c3 bxc3 45. a4 h4 46. a5 h3 47.
a6 Qg2# {White checkmated} 0-1

[Event "Team 45 45 League T35"]
[Site "Internet Chess Club"]
[Date "2007.10.25"]
[Round "2"]
[White "clarinetref"]
[Black "jacknor"]
[Result "0-1"]
[WhiteElo "1616"]
[BlackElo "1641"]
[Opening "Réti: advance variation"]
[ECO "A09"]
[Time "10:04:55"]
[TimeControl "2700+45"]

1. Nf3 d5 2. c4 d4 3. b4 g6 4. d3 Bg7 5. g3 e5 6. Bb2 Qd6 7. a3 Ne7 8. Bg2 O-O
9. Nbd2 f5 10. c5 Qe6 11. O-O c6 12. Nc4 Nd7 13. Re1 Nd5 14. Nd6 a6 15. Qb3 f4
16. e3 fxg3 17. hxg3 dxe3 18. Rxe3 Nf4 19. Qxe6+ Nxe6 20. Bxe5 Nxe5 21. Nxe5 Nd4
22. Rc1 Nf5 23. Nxf5 Bxf5 24. d4 Rad8 25. Nf3 Bh6 26. Rec3 Bxc1 27. Rxc1 Rfe8
28. Rd1 Bg4 29. Rd3 Bf5 30. Rd2 Be4 31. a4 Bd5 32. b5 Rf8 33. Ne5 Bxg2 34. Kxg2
cxb5 35. axb5 axb5 36. c6 bxc6 37. Nxc6 Rd6 38. d5 Kf7 39. f4 Kf6 40. Kf3 Rc8
41. Ne5 b4 42. Ng4+ Kg7 43. Ke4 b3 44. Rb2 Rb8 45. Ke5 Rdd8 46. Ke6 Rb7 47. Ne5
Rb5 48. d6 Rb6 49. Nc4 Rb7 50. g4 Re8+ 51. Kd5 Rd8 52. Kc6 Rbb8 53. Nb6 Rxb6+
54. Kxb6 Rxd6+ 55. Kc5 Rf6 56. f5 gxf5 57. gxf5 Rxf5+ 58. Kd4 Rf3 59. Ke4 Rg3
60. Kf4 Rc3 61. Kf5 h6 62. Rg2+ Kh7 63. Rb2 Rc5+ 64. Kf4 Rb5 65. Kg4 Kg6 66. Kh4
h5 67. Rg2+ Kh6 68. Rb2 Rb4+ 69. Kh3 Kg5 70. Rg2+ Kf4 71. Rb2 Ke3 72. Kg3 Kd3
73. Kf3 Kc3 74. Rh2 h4 75. Ke2 b2 76. Rh3+ Kc2 {White resigns} 0-1

[Event "Team 45 45 League T35"]
[Site "Internet Chess Club"]
[Date "2007.10.25"]
[Round "2"]
[White "quotha"]
[Black "Aquaman"]
[Result "1-0"]
[WhiteElo "1582"]
[BlackElo "1424"]
[Opening "Scandinavian (center counter) defense"]
[ECO "B01"]
[Time "15:01:25"]
[TimeControl "2700+45"]

1. e4 d5 2. exd5 Qxd5 3. Nc3 Qa5 4. d4 c6 5. Nf3 Nf6 6. Bd2 Qd8 7. Bc4 Bf5 8.
O-O e6 9. Bf4 Be7 10. Ne2 Nd5 11. Be5 O-O 12. Ng3 Bg6 13. Re1 Nd7 14. Ne4 Nxe5
15. Nxe5 Bxe4 16. Rxe4 Nf6 17. Re3 Qc7 18. c3 Rad8 19. Qc2 h6 20. Rae1 Bd6 21.
Rg3 c5 22. Qc1 cxd4 23. Qxh6 g6 24. Rh3 Nh5 25. Nxg6 fxg6 26. Bxe6+ Rf7 27.
Qxg6+ Kf8 28. Rxh5 Be5 29. Bxf7 Qxf7 30. Rf5 Rd7 31. Rxf7+ Rxf7 32. Rxe5 dxc3
33. bxc3 b6 34. Rf5 {Black resigns} 1-0

[Event "Team 45 45 League T35"]
[Site "Internet Chess Club"]
[Date "2007.10.28"]
[Round "2"]
[White "WillsGambit"]
[Black "GrandPoobah069"]
[Result "0-1"]
[WhiteElo "1636"]
[BlackElo "1698"]
[Opening "Benkö gambit: Nd2 variation"]
[ECO "A58"]
[Time "18:33:02"]
[TimeControl "2700+45"]

1. d4 Nf6 2. c4 c5 3. d5 b5 4. cxb5 a6 5. Nc3 axb5 6. Nxb5 Ba6 7. Nc3 d6 8. Nf3
g6 9. Nd2 Bg7 10. e4 Bxf1 11. Nxf1 Nbd7 12. Ne3 O-O 13. h4 h5 14. f4 Qa5 15. O-O
Rfb8 16. g4 Nxg4 17. Nxg4 Bxc3 18. bxc3 Qxc3 19. Bd2 {White resigns} 0-1

[Event "Team 45 45 League T35"]
[Site "Internet Chess Club"]
[Date "2007.10.27"]
[Round "2"]
[White "DaveTheRook"]
[Black "Chess2Play"]
[Result "0-1"]
[WhiteElo "1633"]
[BlackElo "1690"]
[Opening "Réti: King's Indian attack (Barcza system)"]
[ECO "A07"]
[Time "14:29:16"]
[TimeControl "2700+45"]

1. Nf3 d5 2. g3 Nc6 3. Bg2 Nf6 4. O-O Bg4 5. d3 e6 6. Nbd2 Be7 7. c3 O-O 8. h3
Bh5 9. b4 b5 10. Re1 a5 11. bxa5 Nxa5 12. a4 bxa4 13. Rxa4 Nc6 14. Qb3 Qd7 15.
Rxa8 Rxa8 16. Bb2 Bd6 17. Ra1 Rb8 18. Qa2 h6 19. Ba3 Ra8 20. Qb2 Rb8 21. Qc1 Ne5
22. Bxd6 Nxf3+ 23. Nxf3 Qxd6 24. Ra7 c5 25. c4 Qb6 26. Qa1 Qb1+ 27. Qxb1 Rxb1+
28. Kh2 Rb2 29. Ra8+ Kh7 30. g4 Bg6 31. cxd5 Nxd5 32. Ne5 Rxe2 33. Nxg6 fxg6 34.
Kg3 Rd2 35. Rc8 Rxd3+ 36. Kh4 Nf4 37. Bf1 g5# {White checkmated} 0-1

[Event "Team 45 45 League T35"]
[Site "Internet Chess Club"]
[Date "2007.10.30"]
[Round "2"]
[White "Dostoy"]
[Black "bajerk"]
[Result "1-0"]
[WhiteElo "1517"]
[BlackElo "1294"]
[Opening "Queen's pawn game"]
[ECO "D02"]
[Time "13:05:15"]
[TimeControl "2700+45"]

1. d4 d5 2. Nf3 Bf5 3. c4 dxc4 4. Nc3 h6 5. e4 Bg4 6. Be3 e6 7. Bxc4 a6 8. O-O
c6 9. h3 Bh5 10. Be2 g5 11. Ne5 Bxe2 12. Qxe2 Bd6 13. Rad1 Qc7 14. f4 gxf4 15.
Bxf4 Nd7 16. Nxf7 Bxf4 17. Nxh8 Ngf6 18. Qc4 Nf8 19. d5 Nh5 20. Ne2 Be3+ 21. Kh1
O-O-O 22. dxe6 Qg7 23. Rxd8+ Kxd8 24. Qd3+ Kc8 25. Rf7 Qxh8 26. e7 Ne6 27. Qxe3
Qxb2 28. Rf8+ Kc7 29. e8=Q Qa1+ 30. Qg1 Qg7 31. Rf7+ {Black resigns} 1-0

[Event "Team 45 45 League T35"]
[Site "Internet Chess Club"]
[Date "2007.10.28"]
[Round "2"]
[White "Kalhalla"]
[Black "Avedldesierto"]
[Result "1/2-1/2"]
[WhiteElo "1899"]
[BlackElo "1679"]
[Opening "Caro-Kann: classical variation"]
[ECO "B18"]
[Time "15:03:20"]
[TimeControl "2700+45"]

1. e4 c6 2. d4 d5 3. Nc3 dxe4 4. Nxe4 Bf5 5. Ng3 Bg6 6. Bc4 Nf6 7. N1e2 b5 8.
Bb3 e6 9. O-O Bd6 10. c3 O-O 11. Bf4 Nh5 12. Bxd6 Qxd6 13. Qd2 Nd7 14. f4 Nb6
15. Nxh5 Bxh5 16. Ng3 Bg6 17. f5 exf5 18. Nxf5 Qd7 19. Qf2 Bxf5 20. Qxf5 Qxf5
21. Rxf5 g6 22. Re5 Rae8 23. Rae1 Rxe5 24. Rxe5 a5 25. a3 a4 26. Ba2 Rd8 27. Re7
Nd5 28. Ra7 Kg7 29. Kf2 Re8 30. Bxd5 cxd5 31. Rd7 Rb8 32. Rxd5 Kf6 33. g4 h6 34.
h4 Rb6 35. Kf3 g5 36. Rf5+ Kg6 37. h5+ Kg7 38. Ke4 Re6+ 39. Re5 Kf6 40. Kd5
Rxe5+ 41. dxe5+ Ke7 42. c4 bxc4 43. Kxc4 Kd7 44. b4 axb3 45. Kxb3 Ke6 46. a4
Kxe5 47. a5 f5 48. a6 fxg4 49. a7 g3 50. a8=Q Kf4 51. Qh1 g4 52. Kc3 Ke3 53. Qg2
Kf4 54. Kd3 Kg5 55. Qd5+ Kh4 56. Ke2 g2 57. Kf2 g3+ 58. Kxg2 Kg4 59. Qf3+ Kg5
60. Kxg3 {Black stalemated} 1/2-1/2

[Event "Team 45 45 League T35"]
[Site "Internet Chess Club"]
[Date "2007.10.25"]
[Round "2"]
[White "IceBox"]
[Black "MindRide"]
[Result "1/2-1/2"]
[WhiteElo "1717"]
[BlackElo "1724"]
[Opening "QGD Slav defense"]
[ECO "D10"]
[Time "17:00:14"]
[TimeControl "2700+45"]

1. d4 d5 2. c4 c6 3. Nc3 Nf6 4. e3 Bg4 5. Qb3 Qb6 6. Qxb6 axb6 7. cxd5 Nxd5 8.
Nxd5 cxd5 9. Bd3 Nc6 10. Bd2 e6 11. Ne2 Bxe2 12. Kxe2 Bd6 13. a3 Ke7 14. Rac1
Rhc8 15. Rc3 e5 16. dxe5 Nxe5 17. Rxc8 Rxc8 18. Rc1 Rxc1 19. Bxc1 Nxd3 20. Kxd3
h5 21. h3 Kd7 22. e4 dxe4+ 23. Kxe4 Ke6 24. g4 hxg4 25. hxg4 Bc5 26. f4 g6 27.
Bd2 f5+ 28. gxf5+ gxf5+ 29. Kd3 Kd5 30. Bc3 Bd6 31. Bd4 Bxf4 32. Bxb6 Be5 33. b4
Kc6 34. Be3 Kb5 35. Bc1 Ka4 36. Kc4 f4 37. Kd5 Bc7 38. Ke4 b5 39. Kf3 Kb3 40. a4
bxa4 41. b5 a3 42. b6 Bxb6 43. Bxa3 {Game drawn by mutual agreement} 1/2-1/2

[Event "Team 45 45 League T35"]
[Site "Internet Chess Club"]
[Date "2007.10.26"]
[Round "2"]
[White "crazynights"]
[Black "egd01"]
[Result "1-0"]
[WhiteElo "1635"]
[BlackElo "1584"]
[Opening "Sicilian: Najdorf, Opocensky variation"]
[ECO "B92"]
[Time "16:59:59"]
[TimeControl "2700+45"]

1. e4 c5 2. Nf3 d6 3. d4 cxd4 4. Nxd4 Nf6 5. Nc3 a6 6. Be2 e5 7. Nb3 Nbd7 8. Be3
b5 9. a4 b4 10. Nd5 a5 11. Bb5 Bb7 12. Bb6 Qc8 13. Nc7+ Ke7 14. Nxa8 Bxa8 15.
Bxa5 Bxe4 16. Bxb4 Nd5 17. Bxd6+ Ke6 18. Bxf8 Rxf8 19. Bxd7+ Kxd7 20. f3 Qc4 21.
fxe4 Qxe4+ 22. Qe2 Qb4+ 23. Nd2 Nf4 24. Qb5+ Qxb5 25. axb5 Nxg2+ 26. Kf2 Rc8 27.
c4 Nf4 28. Ke3 Ng2+ 29. Ke4 Ke6 30. Ra6+ {Black resigns} 1-0

[Event "Team 45 45 League T35"]
[Site "Internet Chess Club"]
[Date "2007.10.28"]
[Round "2"]
[White "A-Ru"]
[Black "Creb"]
[Result "1-0"]
[WhiteElo "1865"]
[BlackElo "1728"]
[Opening "Queen's pawn"]
[ECO "A40"]
[Time "10:53:54"]
[TimeControl "2700+45"]

1. d4 e6 2. Nf3 f5 3. d5 d6 4. dxe6 Bxe6 5. Ng5 Bd7 6. Qd5 Nh6 7. Qxb7 Bc6 8.
Qb3 Bd7 9. Ne6 Qc8 10. Nxf8 Rxf8 11. Bxh6 gxh6 12. Qe3+ Be6 13. g3 Na6 14. Nc3
Rf6 15. Nd5 Rg6 16. Bg2 Rb8 17. Nf4 Rf6 18. a3 Kd7 19. Qc3 Ke7 20. O-O Nc5 21.
f3 Qe8 22. e4 fxe4 23. fxe4 Nd7 24. Nd3 Qg6 25. e5 dxe5 26. Qxc7 Qg5 27. Rxf6
Qxf6 28. Re1 Rb5 29. Bc6 Rb6 30. Bxd7 Bxd7 31. Nxe5 {Black resigns} 1-0

[Event "Team 45 45 League T35"]
[Site "Internet Chess Club"]
[Date "2007.10.25"]
[Round "2"]
[White "Grenadier"]
[Black "Kingofknights"]
[Result "1-0"]
[WhiteElo "1785"]
[BlackElo "1697"]
[Opening "Caro-Kann: Panov-Botvinnik attack"]
[ECO "B13"]
[Time "19:54:01"]
[TimeControl "2700+45"]

1. e4 c6 2. d4 d5 3. exd5 cxd5 4. c4 Nf6 5. Nc3 dxc4 6. Bxc4 e6 7. Nf3 a6 8. Bg5
b5 9. Bb3 b4 10. Ne4 Be7 11. Nc5 Nd5 12. Bxe7 Qxe7 13. Qe2 Nd7 14. Bxd5 exd5 15.
Qxe7+ Kxe7 16. Nd3 Re8 17. O-O a5 18. Rac1 Ba6 19. Rfe1+ Kd6 20. Rxe8 Rxe8 21.
Nde5 Nxe5 22. Nxe5 Bb7 23. Nxf7+ Kd7 24. Ne5+ Kd6 25. f4 Rc8 26. Rxc8 Bxc8 27.
Kf2 Bf5 28. Ke3 h5 29. Kd2 Kc7 30. a3 Kb6 31. Nf7 Kc6 32. a4 Kd7 33. Ne5+ Kd6
34. Nd3 Be4 35. g3 Bxd3 36. Kxd3 Ke6 37. Ke3 Kf5 38. Kf3 g5 39. fxg5 Kxg5 40. h3
b3 41. g4 h4 42. Ke3 Kg6 43. Kf4 Kf6 44. g5+ Kg6 45. Kg4 {Black resigns} 1-0

[Event "Team 45 45 League T35"]
[Site "Internet Chess Club"]
[Date "2007.10.28"]
[Round "2"]
[White "Ernie1"]
[Black "logicg8"]
[Result "0-1"]
[WhiteElo "1652"]
[BlackElo "1755"]
[Opening "Saragossa opening"]
[ECO "A00"]
[Time "20:55:42"]
[TimeControl "2700+45"]

1. c3 e5 2. d4 exd4 3. cxd4 Nf6 4. Bg5 Bb4+ 5. Nc3 O-O 6. a3 Bxc3+ 7. bxc3 d5 8.
Nf3 Qd6 9. e3 Bg4 10. Be2 Ne4 11. Qb3 Nxg5 12. Nxg5 Bxe2 13. Kxe2 b6 14. Qc2 g6
15. h4 Nd7 16. h5 Nf6 17. hxg6 fxg6 18. Rh6 Ng4 19. f4 Nxh6 20. Rh1 Nf5 21. Rxh7
Rae8 {White resigns} 0-1

[Event "Team 45 45 League T35"]
[Site "Internet Chess Club"]
[Date "2007.10.28"]
[Round "2"]
[White "Sean"]
[Black "wango"]
[Result "1/2-1/2"]
[WhiteElo "1713"]
[BlackElo "1429"]
[Opening "Réti v Dutch"]
[ECO "A04"]
[Time "11:09:28"]
[TimeControl "2700+45"]

1. Nf3 f5 2. c4 e6 3. g3 d5 4. d4 c6 5. Qb3 Bd6 6. e3 Nf6 7. Bg2 O-O 8. O-O Nbd7
9. c5 Bc7 10. Qc2 e5 11. Nc3 e4 12. Nd2 g5 13. f4 exf3 14. Nxf3 Ne4 15. Nxe4
fxe4 16. Nd2 Nf6 17. b4 Bg4 18. Bb2 Be2 19. Rf2 Bd3 20. Qd1 a5 21. a3 axb4 22.
axb4 Rxa1 23. Bxa1 Qd7 24. Bf1 Bxf1 25. Qxf1 Qe7 26. Bc3 Ng4 27. Rxf8+ Qxf8 28.
Qxf8+ Kxf8 29. Nf1 h5 30. Kg2 Kf7 31. h3 Nf6 32. Be1 Nd7 33. g4 h4 34. Nd2 b6
35. Nb3 bxc5 36. bxc5 Nb8 37. Ba5 Bxa5 38. Nxa5 Ke7 39. Kf2 Kd7 40. Nb7 Na6 41.
Nd6 Ke6 42. Ke2 Nb4 43. Nb7 Kd7 44. Kd2 Nd3 45. Ke2 Nb2 46. Nd6 Ke6 47. Ne8 Nc4
48. Ng7+ Kd7 49. Nf5 Ke6 50. Nh6 Ke7 51. Ng8+ Ke6 52. Nh6 Ke7 53. Nf5+ {Game
drawn by mutual agreement} 1/2-1/2

[Event "Team 45 45 League T35"]
[Site "Internet Chess Club"]
[Date "2007.10.25"]
[Round "2"]
[White "crag"]
[Black "littleboo"]
[Result "1/2-1/2"]
[WhiteElo "1371"]
[BlackElo "1453"]
[Opening "Scotch game"]
[ECO "C45"]
[Time "20:16:48"]
[TimeControl "2700+45"]

1. e4 e5 2. Nf3 Nc6 3. d4 exd4 4. Nxd4 Bc5 5. Nf3 Nf6 6. Nc3 Ng4 7. Be3 Bxe3 8.
fxe3 Nxe3 9. Qe2 Nb4 10. Rc1 Nxf1 11. Rxf1 O-O 12. Qc4 a5 13. Kf2 d6 14. Kg1 Re8
15. Ng5 Be6 16. Nxe6 Rxe6 17. a3 Na6 18. Rf2 c6 19. Rcf1 Qb6 20. Kh1 Qxb2 21.
Rxf7 Nc5 22. Na4 Qb5 23. Qxb5 cxb5 24. Nxc5 dxc5 25. Rxb7 Rf8 26. Rxf8+ Kxf8 27.
Rxb5 Rxe4 28. Kg1 Rc4 29. Rxa5 {Game drawn by mutual agreement} 1/2-1/2

[Event "Team 45 45 League T35"]
[Site "Internet Chess Club"]
[Date "2007.10.29"]
[Round "2"]
[White "Cataclysm"]
[Black "t-hobbes"]
[Result "1-0"]
[WhiteElo "1281"]
[BlackElo "1278"]
[Opening "Giuoco Piano"]
[ECO "C54"]
[Time "20:03:11"]
[TimeControl "2700+45"]

1. e4 e5 2. Nf3 Nc6 3. Bc4 Bc5 4. c3 Nf6 5. d3 d5 6. exd5 Nxd5 7. Qe2 Qd6 8. O-O
O-O 9. Nbd2 Bf5 10. Ne4 Nf4 11. Qc2 Qg6 12. Ng3 Be7 13. Bxf4 exf4 14. Nxf5 Qxf5
15. Rfe1 Bf6 16. Re4 Ne5 17. Nxe5 Bxe5 18. Rae1 Rfe8 19. f3 Qh5 20. d4 Bxd4+ 21.
cxd4 Rxe4 22. Qxe4 Kf8 23. Qe7+ Kg8 24. Qe8+ Rxe8 25. Rxe8# {Black checkmated}
1-0

[Event "Team 45 45 League T35"]
[Site "Internet Chess Club"]
[Date "2007.10.29"]
[Round "2"]
[White "Orforded"]
[Black "JimGaming"]
[Result "0-1"]
[WhiteElo "1263"]
[BlackElo "1195"]
[Opening "Scotch game"]
[ECO "C45"]
[Time "14:02:09"]
[TimeControl "2700+45"]

1. e4 e5 2. Nf3 Nc6 3. d4 exd4 4. Nxd4 Bc5 5. Nxc6 Qf6 6. Be3 Bxe3 7. fxe3 dxc6
8. Qf3 Qxb2 9. Bc4 Qc1+ 10. Ke2 Qxc2+ 11. Ke1 Qxc4 12. Nd2 Qc3 13. Ke2 Nf6 14.
h3 O-O 15. Qg3 Ne8 16. Rhf1 f6 17. Qf3 Nd6 18. Rac1 Qe5 19. g4 Be6 20. Rg1 Bxa2
21. h4 Qh2+ 22. Rg2 Qxh4 23. Rf2 Qg5 24. Rh2 g6 25. Rch1 Rf7 26. Rh6 Rg7 27. Qh3
Be6 28. Rxh7 Bxg4+ {White resigns} 0-1

[Event "Team 45 45 League T35"]
[Site "Internet Chess Club"]
[Date "2007.10.27"]
[Round "2"]
[White "tmac63"]
[Black "conron"]
[Result "0-1"]
[WhiteElo "1046"]
[BlackElo "1168"]
[Opening "Ruy Lopez: four knights (Tarrasch) variation"]
[ECO "C77"]
[Time "11:03:05"]
[TimeControl "2700+45"]

1. e4 e5 2. Nf3 Nc6 3. Bb5 a6 4. Ba4 Nf6 5. Nc3 b5 6. Bb3 Be7 7. O-O O-O 8. d3
Na5 9. d4 exd4 10. Nxd4 Nxb3 11. Nxb3 Bb7 12. Nd2 d5 13. e5 Ne4 14. Qe2 Nxc3 15.
bxc3 d4 16. c4 Bc6 17. Bb2 bxc4 18. Nxc4 Qd5 19. f3 Bb5 20. Rad1 Bxc4 21. Rxd4
Qxd4+ 22. Bxd4 Bxe2 23. Rf2 Rad8 24. c3 c5 25. h3 cxd4 26. Rxe2 dxc3 27. f4 Rd2
28. Kf2 Rxe2+ 29. Kxe2 c2 30. Kd2 Rc8 31. g4 c1=Q+ 32. Ke2 Qxf4 {White resigns}
0-1

[Event "Team 45 45 League T35"]
[Site "Internet Chess Club"]
[Date "2007.10.27"]
[Round "2"]
[White "Cantemir"]
[Black "beerss"]
[Result "1-0"]
[WhiteElo "1468"]
[BlackElo "1389"]
[Opening "Queen's pawn game, Chigorin variation"]
[ECO "A04"]
[Time "20:04:15"]
[TimeControl "2700+45"]

1. Nf3 Nc6 2. d4 d5 3. e3 Nf6 4. Bd3 Bg4 5. a3 e6 6. Nbd2 Bd6 7. O-O Qe7 8. Qe1
O-O-O 9. c4 Qf8 10. c5 Be7 11. b4 h5 12. b5 Nb8 13. Ne5 Nfd7 14. c6 Nxe5 15.
cxb7+ Kxb7 16. dxe5 f5 17. f4 h4 18. h3 Bh5 19. Nf3 Bxf3 20. Rxf3 g5 21. fxg5
Bxg5 22. e4 Bxc1 23. Rxc1 Qxa3 24. exf5 Qb2 25. fxe6 Rhg8 26. Rc2 Qd4+ 27. Kh2
Rdf8 28. Qe3 Qb4 29. Ra2 d4 30. Qe4+ Kc8 31. Rxa7 Qc5 32. Qb7+ Kd8 33. Qxb8+ Ke7
34. Rxc7+ Qxc7 35. Qxc7+ Kxe6 36. Qd6# {Black checkmated} 1-0

Unfortunately, since katzman did not accept one of his  opponents offers by the second deadline (22:00 Friday) in accordance with the Statutes (Section 10.D.i.b, I have no choice but to set the game as a forfeit loss and a win for knight2f3. If Katzman or his captain feel this is incorrect, they have 24 hours to explain. 
Best regards.
joe

[Event "Team 45 45 League T35"]
[Site "Internet Chess Club"]
[Date "2007.10.24"]
[Round "2"]
[White "chips"]
[Black "king4aknight"]
[Result "0-1"]
[WhiteElo "1135"]
[BlackElo "1076"]
[Opening "King's pawn game"]
[ECO "C44"]
[Time "17:04:47"]
[TimeControl "2700+45"]

1. e4 e5 2. Nf3 Nc6 3. d3 h6 4. Nbd2 d6 5. c4 Nf6 6. Be2 Be7 7. O-O O-O 8. b3
Be6 9. Re1 Qd7 10. g3 Nh5 11. Bf1 Nf4 12. Kh1 Bh3 13. Re3 Ng6 14. Bg2 Bg4 15.
Qf1 Nb4 16. Ne1 Bg5 17. h3 Be6 18. Rf3 Nc6 19. Nc2 Nd4 20. Nxd4 exd4 21. b4 b5
22. h4 Bxd2 23. Bxd2 Qc6 24. Bh3 Ne5 25. Rf4 Qd7 26. cxb5 Bxh3 27. Qc1 Nxd3
{White resigns} 0-1

[Event "Team 45 45 League T35"]
[Site "Internet Chess Club"]
[Date "2007.10.27"]
[Round "2"]
[White "Mitch99"]
[Black "Lionskins"]
[Result "0-1"]
[WhiteElo "1450"]
[BlackElo "1537"]
[Opening "Sicilian defense"]
[ECO "B32"]
[Time "12:02:15"]
[TimeControl "2700+45"]

1. e4 c5 2. Nf3 Nc6 3. d4 cxd4 4. Nxd4 Qa5+ 5. Nc3 a6 6. Nb3 Qd8 7. Bd3 e6 8.
O-O h6 9. Bd2 Nf6 10. Be3 Qc7 11. Na4 b5 12. Nc3 Ne5 13. Bf4 g5 14. Bg3 Bd6 15.
Re1 h5 16. Qd2 Rg8 17. f4 gxf4 18. Bxf4 Nf3+ 19. Kh1 Nxd2 20. Bxd6 Qxd6 21. e5
Qc6 22. Re2 Bb7 23. Rg1 Nf3 24. Rf1 Nxe5 25. Ne4 Nxe4 26. Bxe4 Qxe4 27. Rxe4
Bxe4 {White resigns} 0-1